 Dungeon Crawl Stone Soup version 0.30-a0-1164-ge08a67761e (webtiles) character file.

Game seed: 2239151123422784962

60382 graymark the Cleaver (level 14, -15/136 HPs)
             Began as a Naga Fighter on Apr 29, 2023.
             Was a High Priest of Makhleb.
             Demolished by an emperor scorpion (18 damage)
             ... on level 1 of the Spider Nest.
             The game lasted 01:17:44 (18966 turns).

graymark the Cleaver (Naga Fighter)                Turns: 18966, Time: 01:17:44

Health: -15/136    AC: 31    Str: 28    XL:     14   Next: 99%
Magic:  17/17      EV: 13    Int: 17    God:    Makhleb [*****.]
Gold:   639        SH: 10    Dex: 18    Spells: 13/13 levels left

rFire   . . .        a - +8 war axe
rCold   + . .        c - +0 buckler
rNeg    . . .        b - +2 scale mail
rPois   +            C - +2 hat {Int+3}
rElec   +            G - +2 cloak
rCorr   +            h - +2 pair of gloves
SInv    +            e - +6 lightning scales {swift, rElec}
Will    ++...        x - amulet "Busu Lem" {RegenMP rC+ rCorr Int+4 Dex+7} Stlth
                     d - +6 ring of strength
HPRegen 0.42/turn    g - ring of willpower
MPRegen 0.55/turn

%: no passive effects
@: on berserk cooldown, slow
A: AC +4, large, see invisible, deformed body, poison resistance, slowness 2,
spit poison 2, naga tail 2, large bone plates 1, low MP 1
a: Breathe Poison Gas, Renounce Religion, Minor Destruction, Lesser Servant of
Makhleb, Major Destruction, Greater Servant of Makhleb


You were on level 1 of the Spider Nest.
You worshipped Makhleb.
Makhleb was extremely pleased with you.
You visited 4 branches of the dungeon, and saw 19 of its levels.

You collected 1247 gold pieces.
You spent 608 gold pieces at shops.

Inventory:

Hand Weapons
 a - a +8 war axe (weapon)
 t - a +0 broad axe
 y - a +0 flail of protection
Missiles
 i - 15 boomerangs
 r - 6 throwing nets
 s - 6 javelins (quivered)
Armour
 b - a +2 scale mail (worn)
 c - a +0 buckler (worn)
 e - the +6 lightning scales (worn) {swift, rElec}
   (You acquired it on level 3 of the Dungeon)

   Swift:     It allows the wearer to cover ground more swiftly.
   rElec:     It insulates you from electricity.
 h - a +2 pair of gloves (worn)
 C - a +2 hat of intelligence (worn)
 G - a +2 cloak (worn)
 J - +0 acid dragon scales
Jewellery
 d - a +6 ring of strength (left hand)
 g - a ring of willpower (right hand)
 l - a ring of protection from cold
 n - an amulet of magic regeneration
 o - a ring of wizardry
 p - a +5 ring of evasion
 w - a ring of ice
 x - the amulet "Busu Lem" (around neck) {RegenMP rC+ rCorr Int+4 Dex+7}
   (You acquired it on level 8 of the Dungeon)

   [amulet of magic regeneration]

   It increases your rate of magic regeneration.
   Int:       It affects your intelligence (+4).
   Dex:       It affects your dexterity (+7).
   rC:        It protects you from cold.
   rCorr:     It protects you from acid and corrosion.
 z - a ring of positive energy
 F - an amulet of regeneration
 K - the ring "Losuager" {rCorr MP+9 Str+3}
   (You found it on level 11 of the Dungeon)

   [ring of resist corrosion]

   Str:       It affects your strength (+3).
   MP:        It affects your magic capacity (+9).
   rCorr:     It protects you from acid and corrosion.
 O - a ring of protection from fire
Wands
 m - a wand of paralysis (19)
 v - a wand of polymorph (11)
 D - a wand of flame (48)
 T - a wand of iceblast (3)
Scrolls
 q - 4 scrolls of vulnerability
 A - a scroll of fog
 E - a scroll of poison
 L - a scroll of teleportation
 M - a scroll of silence {unknown}
 Q - 2 scrolls of identify
 S - a scroll of immolation
Potions
 f - 7 potions of attraction
 j - 3 potions of magic
 k - 4 potions of mutation
 H - 2 potions of flight
 R - a potion of haste


   Skills:
 + Level 11.6 Fighting
 * Level 13.5 Axes
 - Level 7.5 Armour
 * Level 13.3 Dodging
 - Level 5.1 Shields
 - Level 7.4 Invocations


You had 13 spell levels left.
You didn't know any spells.
Your spell library contained the following spells:

 Spells                   Type           Power      Damage    Failure   Level
 Apportation              Tloc           0%         N/A       47%         1
 Magic Dart               Conj           0%         1d3       47%         1
 Summon Small Mammal      Summ           0%         N/A       47%         1
 Call Imp                 Summ           0%         N/A       63%         2
 Poisonous Vapours        Pois/Air       0%         N/A       63%         2
 Sublimation of Blood     Necr           0%         N/A       63%         2
 Call Canine Familiar     Summ           0%         N/A       85%         3
 Mephitic Cloud           Conj/Pois/Air  0%         N/A       85%         3
 Portal Projectile        Hex/Tloc       0%         N/A       85%         3
 Summon Guardian Golem    Hex/Summ       0%         N/A       85%         3
 Animate Armour           Summ/Erth      0%         N/A       99%         4
 Leda's Liquefaction      Hex/Erth       0%         N/A       99%         4
 Petrify                  Tmut/Erth      0%         N/A       99%         4
 Blade Hands              Tmut           0%         N/A       100%        5
 Borgnjor's Vile Clutch   Necr/Erth      0%         N/A       100%        5
 Freezing Cloud           Conj/Ice/Air   0%         6-21      100%        5
 Irradiate                Conj/Tmut      0%         3d11      100%        5
 Iskenderun's Battlesphe  Conj           0%         2d6       100%        5
 Conjure Ball Lightning   Conj/Air       0%         3x3d6     100%        6
 Iron Shot                Conj/Erth      0%         9d1       100%        6
 Statue Form              Tmut/Erth      0%         N/A       100%        6
 Spellforged Servitor     Conj/Summ      0%         N/A       100%        7
 Discord                  Hex            0%         N/A       100%        8
 Disjunction              Tloc           0%         N/A       100%        8
 Lehudib's Crystal Spear  Conj/Erth      0%         10d2      100%        8


Dungeon Overview and Level Annotations

Branches:
Dungeon (11/15)            Temple (1/1) D:4            Lair (5/5) D:11
 Shoals (0/4) Lair:2       Spider (2/4) Lair:2        Slime (0/5) Lair:4
    Orc: D:9-12

Altars:
Ashenzari
Cheibriados
Dithmenos
Elyvilon
Fedhas
Gozag
Hepliaklqana
Kikubaaqudgha
Makhleb
Nemelex Xobeh
Okawaru
Qazlal
Ru
Sif Muna
Trog
Uskayaw
Vehumet
Wu Jian
Xom
Yredelemnul
Zin
The Shining One
Jiyva

Shops:
D:10 !   D:11 =

Annotations:
D:8 3 runed translucent doors, exclusion: 3 doors, kae's ghost, novice SpEn
Lair:2 exclusion: upstairs
Lair:5 exclusion: obsidian statue


Innate Abilities, Weirdness & Mutations

Your serpentine skin is tough. (AC +4)
You have supernaturally acute eyesight. (SInv)
Armour fits poorly on your strangely shaped body.
Your system is resistant to poisons. (rPois)
You cover ground very slowly.
You can exhale a cloud of poison.
You can use your snake-like lower body to constrict enemies.
You are partially covered in large bone plates. (SH +4)
Your magical capacity is low. (-10% MP)


Message History

The redback bites your hellwing but does no damage.
The jumping spider leaps!
The emperor scorpion stings you.
* * * LOW HITPOINT WARNING * * *
The emperor scorpion claws you but does no damage.
The emperor scorpion claws you.
* * * LOW HITPOINT WARNING * * *
You block the tarantella's attack.
The tarantella barely misses your hellwing.
You climb upwards.
Your summoned ally is left behind.
The sentinel's mark upon you fades away.
There is a stone staircase leading down, spattered with blood here.
Okay, then.
Okay, then.
Okay, then.
Okay, then.
Okay, then.
Okay, then.
Unknown command.
Unknown command.
Unknown command.
Unknown command.
Press: ? - help, v - describe, . - travel
Here: an emperor scorpion The floor.
Unknown command.
Okay, then.
Okay, then.
Okay, then.
Okay, then.
Okay, then.
Okay, then.
Your magical effects are unravelling.
You feel magically purged.
You feel yourself speed up.
Your resistance to elements expires.
The tarantella touches you but does no damage.
You block the emperor scorpion's attack. x2
The emperor scorpion claws you but does no damage.
The tarantella touches you but does no damage.
The emperor scorpion stings you!!
You die...

##### ##.....##..#....#.....##
.##.#####..#.#.^#..#....##.....#
.#...##.#...##[....##.........##
..........##.##....#......#....#
....†....##...###.##.....##....#
#...##.###.....####..#.........#
#..######..#.....#....#...##..##
####...#...#....s##..#.....#...#
...#...##..#..#.@.#............#
..###..#...####s.[....#..##....#
.......#..## #.[.....#...##...###
#......#..# ##..###........^.##.
.....#.#..#########.....####..#.#
#...####..##..##..##^##.# #....#(
#.#..##..##........###..####..###
###..#..##..##..#..##...##.#...##
#....##..#...#####..#.......).#.#


You could see an emperor scorpion and a tarantella.

Vanquished Creatures
  Gastronok (Lair:1)
  Agnes (Spider:1)
  A ghost moth (Spider:1)
  A dire elephant (Lair:5)
  3 entropy weavers
  Harold (D:9)
  Erica (Lair:1)
  A jorogumo (Spider:2)
  A catoblepas (Lair:2)
  2 radroaches (Spider:1)
  5 death yaks
  Urug (Lair:1)
  Sonja (Lair:5)
  A skyshark (Lair:5)
  A spectral death yak (Lair:5)
  Lodul (D:10)
  3 necromancers (Lair:5)
  4 orb spiders
  2 steelbarb worms
  6 wolf spiders
  A moth of wrath (Spider:1)
  3 merfolk sirens (Lair:2)
  3 black mambas
  A demonic crawler (Spider:1)
  11 elephants (Lair:5)
  2 dire elephant zombies (Lair:5)
  12 cane toads
  A torpor snail (Spider:1)
  A dire elephant skeleton (Lair:5)
  A rime drake (Lair:3)
  A kobold demonologist (D:8)
  7 komodo dragons
  A merfolk (Lair:2)
  2 trolls (D:10)
  9 tarantellas
  2 polar bears
  2 hornets
  10 blink frogs
  Grinder (D:6)
  5 dream sheep (Lair:2)
  A shadow (D:11)
  4 jumping spiders
  7 culicivoras
  22 yaks
  2 wyverns
  A vampire (D:9)
  Grum (D:9)
  2 basilisks
  A death yak simulacrum (Lair:5)
  2 steam dragons (D:9)
  A spectral cane toad (Lair:5)
  27 redbacks
  An acid dragon (D:11)
  9 water moccasins
  3 orc warriors
  2 black bears
  A sky beast (D:8)
  8 ogres
  8 wolves
  2 centaurs
  2 elephant skeletons (Lair:5)
  2 phantoms
  2 kobold brigands
  Blork the orc (D:6)
  2 gnoll sergeants
  16 bullfrogs
  6 scorpions
  4 wights
  2 elephant simulacra (Lair:5)
  9 killer bees (D:9)
  A vampire bat (Lair:3)
  An electric eel (Lair:5)
  2 howler monkeys (D:11)
  6 jellies
  5 hounds
  A gnoll bouda (D:6)
  6 orc priests
  A sleepcap (D:4)
  6 iguanas
  Natasha (thrice) (D:4)
  11 orc wizards
  5 hell rats
  16 gnolls
  2 river rats (D:11)
  9 adders
  A shadow imp (D:7)
  A white imp (D:6)
  2 adder zombies (D:3)
  4 worms
  4 dart slugs
  40 orcs
  7 endoplasms
  6 giant cockroaches
  4 hobgoblins
  5 jackals
  22 kobolds
  8 quokkas
  7 ball pythons
  12 bats
  7 goblins
  3 rats
473 creatures vanquished.

Vanquished Creatures (collateral kills)
  Rupert (Lair:5)
  A demonic crawler (Lair:2)
  2 komodo dragons (Lair:2)
  A rime drake (Lair:2)
  2 yaks
  2 wights (D:10)
  3 orc wizards (D:10)
  3 orcs (D:10)
15 creatures vanquished.

Vanquished Creatures (others)
  15 fungi
  32 plants
  21 withered plants (Lair:5)
68 creatures vanquished.

Grand Total: 556 creatures vanquished

Notes
Turn   | Place    | Note
-------+----------+-------------------------------------------
     0 | D:1      | graymark the Naga Fighter began the quest for the Orb.
     0 | D:1      | Reached XP level 1. HP: 21/21 MP: 1/1
   169 | D:1      | Reached XP level 2. HP: 16/28 MP: 2/2
   572 | D:1      | Reached skill level 1 in Dodging
   817 | D:2      | Reached XP level 3. HP: 34/34 MP: 3/3
  1217 | D:2      | Reached XP level 4. HP: 42/42 MP: 4/4
  1894 | D:3      | Identified a scroll of acquirement
  1894 | D:3      | Acquired the +6 lightning scales {swift, rElec}
  1894 | D:3      | Found the +6 lightning scales {swift, rElec}
  2064 | D:3      | Reached XP level 5. HP: 24/49 MP: 5/5
  2222 | D:3      | Gained mutation: Potions are less effective at restoring
                  | your health. [potion of mutation]
  2222 | D:3      | Gained mutation: Your muscles are strong. (Str +4, Int/Dex
                  | -1) [potion of mutation]
  2222 | D:3      | Gained mutation: You are robust. (+10% HP) [potion of
                  | mutation]
  2403 | D:3      | Reached XP level 6. HP: 59/62 MP: 6/6
  2798 | D:4      | Found a staircase to the Ecumenical Temple.
  2810 | Temple   | Entered the Ecumenical Temple
  3163 | Temple   | Became a worshipper of Makhleb the Destroyer
  3305 | D:5      | Entered Level 5 of the Dungeon
  3540 | D:4      | Reached XP level 7. HP: 30/70 MP: 7/7
  3858 | D:4      | Noticed Natasha
  3868 | D:4      | Killed Natasha
  4025 | D:4      | Noticed Natasha
  4031 | D:4      | Killed Natasha
  4231 | D:4      | Noticed Natasha
  4242 | D:4      | Killed Natasha
  4294 | D:5      | Found a shimmering blue altar of Sif Muna.
  4380 | D:5      | Reached * piety under Makhleb
  4816 | D:5      | Reached XP level 8. HP: 76/80 MP: 8/8
  5159 | D:5      | Found an ornate altar of the Wu Jian Council.
  5263 | D:6      | Noticed Blork the orc
  5266 | D:6      | Killed Blork the orc
  5567 | D:6      | Reached skill level 5 in Fighting
  5587 | D:6      | Noticed Grinder
  5602 | D:6      | Paralysed by Grinder for 3 turns
  5609 | D:6      | Killed Grinder
  5650 | D:6      | Reached skill level 5 in Dodging
  5833 | D:6      | Reached skill level 5 in Shields
  5833 | D:6      | Reached XP level 9. HP: 86/89 MP: 9/9
  6378 | D:7      | Reached skill level 5 in Axes
  6442 | D:7      | Reached ** piety under Makhleb
  6663 | D:7      | Reached skill level 1 in Invocations
  6894 | D:7      | Found a glowing silver altar of Zin.
  7270 | D:8      | Found a runed translucent gate.
  7270 | D:8      | Found a runed translucent gate.
  7270 | D:8      | Found a runed translucent gate.
  7306 | D:8      | Found an opulent altar of Gozag.
  7381 | D:8      | Reached skill level 5 in Armour
  7721 | D:8      | Noticed an ogre mage
  7721 | D:8      | Noticed kae's ghost (novice SpEn)
  7763 | D:8      | Got Pybiq's Spellbook of Earthen Topology
  7907 | D:8      | Acquired the amulet "Busu Lem" {RegenMP rC+ rCorr Int+4
                  | Dex+7}
  8075 | D:8      | Found a glowing golden altar of the Shining One.
  8130 | D:9      | Noticed a kobold demonologist
  8155 | D:8      | Noticed a rust devil
  8156 | D:8      | Noticed a hellwing
  8158 | D:8      | Killed a kobold demonologist
  8159 | D:8      | Reached XP level 10. HP: 100/101 MP: 12/12
  8464 | D:9      | Noticed Grum
  8475 | D:9      | Reached *** piety under Makhleb
  8488 | D:9      | Killed Grum
  8734 | D:9      | Noticed Harold
  8751 | D:9      | Killed Harold
  8967 | D:10     | Entered Level 10 of the Dungeon
  8967 | D:10     | Found Tagapto's Distillery.
  8967 | D:10     | Found a runed translucent door.
  8970 | D:10     | Bought a potion of heal wounds for 70 gold pieces
  8970 | D:10     | Bought a potion of curing for 42 gold pieces
  8970 | D:10     | Bought a potion of curing for 42 gold pieces
  8970 | D:10     | Bought a potion of curing for 42 gold pieces
  8970 | D:10     | Bought a potion of curing for 42 gold pieces
  8970 | D:10     | Bought a potion of heal wounds for 70 gold pieces
  9199 | D:10     | Reached skill level 5 in Invocations
  9202 | D:10     | Reached XP level 11. HP: 95/110 MP: 14/14
  9347 | D:10     | Noticed Lodul
  9361 | D:10     | Killed Lodul
  9917 | D:10     | Reached **** piety under Makhleb
 10275 | D:11     | Noticed a death yak
 10309 | D:11     | Killed a death yak
 10614 | D:11     | Identified the ring "Losuager" {rCorr MP+9 Str+3}
 10681 | D:11     | Found Ivyl's Jewellery Shoppe.
 10691 | D:11     | Bought a ring of protection from fire for 300 gold pieces
 10794 | D:11     | Noticed a death yak
 10795 | D:11     | Found a staircase to the Lair.
 10795 | D:11     | Noticed a death yak
 11081 | D:11     | Killed a death yak
 11117 | D:11     | Killed a death yak
 11512 | Lair:1   | Entered Level 1 of the Lair of Beasts
 11568 | Lair:1   | Lost mutation: Potions are less effective at restoring your
                  | health. [potion of mutation]
 11568 | Lair:1   | Lost mutation: You are robust. (+10% HP) [potion of
                  | mutation]
 11568 | Lair:1   | Lost mutation: Your muscles are strong. (Str +4, Int/Dex
                  | -1) [potion of mutation]
 11568 | Lair:1   | Gained mutation: You can exhale a cloud of poison. [potion
                  | of mutation]
 11568 | Lair:1   | Gained mutation: You are partially covered in large bone
                  | plates. (SH +4) [potion of mutation]
 11640 | Lair:1   | Noticed Gastronok
 11641 | Lair:1   | Noticed Urug
 11781 | Lair:2   | Noticed a catoblepas
 11802 | Lair:2   | Killed a catoblepas
 11803 | Lair:2   | Reached XP level 12. HP: 102/112 MP: 16/16
 12027 | Lair:2   | Found a hole to the Spider Nest.
 12523 | Lair:2   | Reached skill level 10 in Dodging
 12804 | Lair:2   | Found a staircase to the Shoals.
 13453 | Lair:1   | Noticed Erica
 13464 | Lair:1   | Killed Erica
 13895 | Lair:1   | Killed Urug
 14017 | Lair:1   | Killed Gastronok
 14018 | Lair:1   | Gained mutation: You can use your snake-like lower body to
                  | constrict enemies. [Naga growth]
 14018 | Lair:1   | Reached XP level 13. HP: 120/121 MP: 18/18
 14938 | Lair:3   | Reached skill level 10 in Axes
 14996 | Lair:3   | Found an ancient bone altar of Kikubaaqudgha.
 15397 | Lair:4   | Found a viscous altar of Jiyva.
 15397 | Lair:4   | Found a staircase to the Slime Pits.
 15410 | Lair:4   | Reached ***** piety under Makhleb
 15538 | Lair:4   | Identified the +1 cloak of a ziggurat {Harm Str+3 Stlth+}
 15972 | Lair:5   | Entered Level 5 of the Lair of Beasts
 15987 | Lair:5   | Reached skill level 10 in Fighting
 16418 | Lair:5   | Noticed Rupert
 16427 | Lair:5   | Killed Rupert
 16492 | Lair:5   | Noticed a dire elephant
 16492 | Lair:5   | Noticed a dire elephant
 16492 | Lair:5   | Noticed a dire elephant
 16492 | Lair:5   | Noticed a dire elephant
 16536 | Lair:5   | Noticed Sonja
 16543 | Lair:5   | Killed Sonja
 16642 | Lair:5   | Noticed a dire elephant
 16658 | Lair:5   | Killed a dire elephant
 16842 | Lair:5   | Reached XP level 14. HP: 133/133 MP: 19/19
 17635 | Spider:1 | Entered Level 1 of the Spider Nest
 18502 | Spider:1 | Identified the +12 morningstar "Ubott" {speed, Will+}
 18561 | Spider:1 | Noticed a ghost moth
 18568 | Spider:1 | Killed a ghost moth
 18685 | Spider:2 | Noticed Agnes
 18700 | Spider:1 | Noticed a cacodemon
 18711 | Spider:1 | Killed Agnes
 18717 | Spider:1 | Gained mutation: Your magical capacity is low. (-10% MP) [a
                  | cacodemon]
 18916 | Spider:2 | Noticed an Executioner
 18918 | Spider:2 | Noticed an emperor scorpion
 18947 | Spider:2 | Noticed an emperor scorpion
 18964 | Spider:2 | HP: 5/136 [emperor scorpion (3)]
 18964 | Spider:2 | HP: 2/136 [emperor scorpion (3)]
 18966 | Spider:1 | Demolished by an emperor scorpion

Illustrated notes

Levels and vault maps discovered:
D:1:      shiori_shiawase, layout_loops_ring, minmay_surrounded
D:2:      layout_basic, minmay_misc_feat_plants, roderic_roman_lattice,
          kennysheep_generic_room_12
D:3:      layout_basic, serial_undead, serial_undead_d, serial_undead_c,
          serial_undead_f, serial_undead_a
D:4:      layout_basic, minmay_temple_entry_drinking_statues, enter_ossuary_5,
          uniq_natasha
D:5:      layout_loops_corners, nicolae_sif_muna_condensation,
          nicolae_wu_jian_glorious_leap
D:6:      layout_loops_ring, uniq_grinder, uniq_blork_the_orc
D:7:      layout_gridville, kennysheep_mini_moat
D:8:      layout_gridville, nicolae_tso_swordbearing_angel, ebering_ghost_gozag
D:9:      layout_rooms, kennysheep_generic_room_14, uniq_harold, uniq_grum
D:10:     layout_irregular_city, serial_shops, nicolae_stop_n_shop_1,
          lightli_church_of_beogh, uniq_lodul
D:11:     layout_long_grid, dpeg_lair_monsters, serial_shops,
          nicolae_shop_tiny_statue_garden, minmay_misc_feat_x,
          grunt_decor_fettered
Temple:   dpeg_five_rooms_temple
Lair:1:   layout_cave_shapes, uniq_gastronok, uniq_urug, uniq_erica
Lair:2:   layout_long_grid, elwin_shoals_entry_stream,
          nicolae_spider_entry_non_spiders
Lair:3:   layout_regular_city, basic_altar, lightli_volcano_entry_magma_tube,
          roderic_batcave
Lair:4:   hellmonk_destroyed_diamonds, layout_misc_corridors,
          nicolae_slime_entry_slimehenge
Lair:5:   due_jungle_book, layout_loops_ring, serial_bayou,
          serial_bayou_shore_a, serial_bayou_ford_a, serial_bayou_pond_b,
          serial_bayou_pond_d, uniq_rupert, uniq_sonja
Spider:1: layout_spider_delve, hangedman_spider_tarantella_strand
Spider:2: cheibrodos_spider_silkery, uniq_agnes

Skill      XL: |  1  2  3  4  5  6  7  8  9 10 11 12 13 14 |
---------------+-------------------------------------------+-----
Dodging        | 1 2 3 4 5 6 7 9 10 12 13 | 13.3
Shields        | 3 4 5 |  5.1
Armour         | 3 4 5 6 7 |  7.5
Axes           | 3 4 5 6 8 9 11 13 | 13.5
Fighting       | 4 5 6 7 8 9 10 11 | 11.6
Invocations    | 3 5 6 7 |  7.4

Action                     |  1- 3 |  4- 6 |  7- 9 | 10-12 | 13-15 || total
---------------------------+-------+-------+-------+-------+-------++-------
  Melee: War axe           |    80 |   156 |   319 |   676 |   514 ||  1745
         Constrict         |       |       |       |       |    84 ||    84
 Invoke: Minor Destruction |       |       |     2 |     1 |       ||     3
         Lesser Servant of |       |       |       |     8 |     3 ||    11
         Major Destruction |       |       |       |     1 |       ||     1
         Greater Servant o |       |       |       |       |     2 ||     2
Ability: Spit Poison       |       |     2 |     6 |     6 |       ||    14
         Breathe Poison Ga |       |       |       |     3 |     1 ||     4
  Evoke: Wand              |       |       |     1 |    16 |       ||    17
    Use: Scroll            |       |     9 |    10 |    15 |     7 ||    41
         Potion            |       |     4 |     2 |    11 |     6 ||    23
   Stab: Paralysed         |       |       |     3 |       |       ||     3
         Distracted        |       |       |       |     3 |     1 ||     4
         Invisible         |       |       |       |     1 |       ||     1
 Armour: Scale mail        |    37 |   118 |   249 |   467 |   461 ||  1332
  Dodge: Dodged            |    24 |    61 |   124 |   473 |   344 ||  1026
  Block: Buckler           |    12 |    35 |    99 |   345 |   323 ||   814

Table legend: (Time is in decaauts)
 A = Elapsed time spent in this place.
 B = Non-inter-level travel time spent in this place.
 C = Inter-level travel time spent in this place.
 D = Time resting spent in this place.
 E = Time spent auto-exploring this place.
 F = Levels seen in this place.
 G = Mean time per level.
                   A        B        C        D        E       F      G
               +--------+--------+--------+--------+--------+-----+--------+
         Total |  22005 |  20583 |   1422 |   3149 |  12120 |  19 | 1158.2 |
       Dungeon |  13135 |  12203 |    932 |   1678 |   7549 |  11 | 1194.1 |
        Temple |    477 |    350 |    127 |      0 |    334 |   1 |  477.0 |
          Lair |   6939 |   6634 |    305 |   1124 |   3517 |   5 | 1387.8 |
   Spider Nest |   1452 |   1395 |     57 |    347 |    719 |   2 |  726.0 |
               +--------+--------+--------+--------+--------+-----+--------+

Top non-repeatable levels by time:
  Lair:5: 1778 daAuts
  Lair:2: 1692 daAuts
  Lair:1: 1661 daAuts
    D:11: 1517 daAuts
Spider:1: 1385 daAuts
     D:2: 1363 daAuts
    D:10: 1360 daAuts
     D:4: 1267 daAuts
     D:7: 1222 daAuts
     D:6: 1170 daAuts
     D:5: 1135 daAuts
     D:1: 1090 daAuts
  Lair:3: 1082 daAuts
     D:3: 1072 daAuts
     D:8: 991 daAuts
